 Dungeon Crawl Stone Soup version 0.30-a0-1075-gcd70e7a56d (webtiles) character file.

Game seed: 1626969871896029734

5906 Adrian566 the Fighter (level 10, -4/82 HPs)
             Began as a Demonspawn Fighter on Apr 14, 2023.
             Slain by a gnoll sergeant
             ... wielding a +0 glaive
              (11 damage)
             ... in a bailey.
             The game lasted 00:14:09 (9815 turns).

Adrian566 the Fighter (Demonspawn Fighter)          Turns: 9815, Time: 00:14:09

Health: -4/82      AC: 14    Str: 17    XL:     10   Next: 53%
Magic:  0/10       EV: 13    Int: 10    God:
Gold:   1172       SH:  6    Dex: 14    Spells: 9/9 levels left

rFire   + . .      SeeInvis .    a - +1 long sword
rCold   . . .      Faith    .    c - +1 buckler
rNeg    . . .      Spirit   +    y - +0 plate armour
rPois   .          Reflect  .    (helmet unavailable)
rElec   .          Rampage  .    x - +0 cloak
rCorr   .                        (no gloves)
Will    .....                    (no boots) Stlth
                                 n - amulet of guardian spirit
HPRegen 0.33/turn                k - ring of protection from fire
MPRegen 0.12/turn                m - ring of flight

@: agile, flying
A: horns 3, repulsion field 1, powered by pain 1, clumsy 1
a: no special abilities


You were in a bailey.
You visited 1 branch of the dungeon, and saw 9 of its levels.
You also visited: Bailey.

You collected 1172 gold pieces.

Inventory:

Hand Weapons
 a - a +1 long sword (weapon)
Missiles
 g - 5 throwing nets
Armour
 c - a +1 buckler (worn)
 x - a +0 cloak (worn)
 y - a +0 plate armour (worn)
Jewellery
 h - a ring of ice
 j - an amulet of the acrobat
 k - a ring of protection from fire (left hand)
 m - a ring of flight (right hand)
 n - an amulet of guardian spirit (around neck)
 A - a +6 ring of intelligence
Wands
 b - a wand of acid (2)
 f - a wand of charming (5)
 o - a wand of flame (3)
 w - a wand of mindburst (7) (quivered)
Scrolls
 i - 5 scrolls of teleportation
 s - 2 scrolls of immolation
 v - a scroll of enchant weapon
 C - 2 scrolls of identify
 D - a scroll of enchant armour
 F - a scroll of amnesia
Potions
 d - 2 potions of might
 e - 2 potions of brilliance
 p - 2 potions of resistance
 q - 2 potions of curing
 t - 2 potions of attraction
 E - 2 potions of haste


   Skills:
 * Level 8.6 Fighting
 + Level 8.5 Long Blades
 + Level 7.8 Armour
 + Level 2.7 Dodging
 + Level 5.6 Shields
 + Level 2.1 Evocations


You had 9 spell levels left.
You didn't know any spells.
Your spell library contained the following spells:

 Spells                   Type           Power      Damage    Failure   Level
 Necrotise                Necr           0%         1d4       100%        1
 Sublimation of Blood     Necr           0%         N/A       100%        2
 Wereblood                Tmut           0%         N/A       100%        2
 Stone Arrow              Conj/Erth      0%         3d7       100%        3
 Vampiric Draining        Necr           0%         2d6       100%        3
 Animate Armour           Summ/Erth      0%         N/A       100%        4
 Animate Dead             Necr           0%         N/A       100%        4
 Agony                    Necr           0%         N/A       100%        5
 Haunt                    Necr/Summ      0%         N/A       100%        7
 Summon Hydra             Summ           0%         N/A       100%        7
 Infestation              Necr           0%         N/A       100%        8
 Lehudib's Crystal Spear  Conj/Erth      0%         10d2      100%        8


Dungeon Overview and Level Annotations

Branches:
Dungeon (9/15)             Temple (0/1) D:6            Lair (0/5) D:8
 Bailey (1/1)
    Orc: D:9-12

Altars:
Ashenzari
Cheibriados
Hepliaklqana
Kikubaaqudgha
Makhleb
Okawaru
Qazlal
Ru
Sif Muna
Trog
Xom
Yredelemnul

Shops:
D:1 *   D:2 [   D:4 ((


Innate Abilities, Weirdness & Mutations

You have a pair of large horns on your head.
You are surrounded by a mild repulsion field. (EV +2)
You sometimes gain a little power by taking damage.
You are clumsy. (Dex -2)


Message History

The gnoll sergeant hits you from afar with a +0 glaive.
There are monsters nearby!
You swing at nothing.
The gnoll sergeant completely misses you.
You swing at nothing.
The gnoll sergeant hits you from afar with a +0 glaive.
The gnoll bouda calls upon its god to heal the gnoll sergeant.
The gnoll sergeant is healed somewhat.
You swing at nothing.
The gnoll sergeant barely misses you.
You swing at nothing.
The gnoll sergeant hits you from afar with a +0 glaive!
You focus on the pain.
You feel agile all of a sudden.
The gnoll bouda gazes fiercely through you!
You feel your attacks grow feeble.
You swing at nothing.
You block the gnoll sergeant's attack.
You swing at nothing.
The gnoll sergeant misses you.
You swing at nothing.
The gnoll sergeant hits you from afar with a +0 glaive!
* * * LOW HITPOINT WARNING * * *
The gnoll bouda gazes fiercely through you!
You feel as though you will be weak longer.
You swing at nothing.
The gnoll sergeant hits you from afar with a +0 glaive!
* * * LOW HITPOINT WARNING * * *
You swing at nothing.
You block the gnoll sergeant's attack.
You swing at nothing.
The gnoll sergeant hits you but does no damage.
You swing at nothing.
The gnoll sergeant barely misses you.
You swing at nothing.
The gnoll sergeant hits you but does no damage.
You swing at nothing.
Your attacks no longer feel as feeble.
The gnoll sergeant closely misses you.
You swing at nothing.
The gnoll sergeant hits you from afar with a +0 glaive.
* * * LOW HITPOINT WARNING * * *
You swing at nothing.
The gnoll sergeant hits you from afar with a +0 glaive!
You die...

♣♣♣♣♣♣♣♣♣♣♣♣♣♣♣♣♣♣♣♣♣♣♣
♣≈≈≈≈≈≈≈≈≈≈≈≈≈≈≈@≈≈≈≈≈♣♣
≈≈...#############gg.≈≈♣
≈..###.8.. #...8.##...≈♣
≈..# #....g#......##..≈♣
≈..# #....g'g......#))≈♣
≈..# #...#####.gg..#.)≈♣
≈..# + ##.)).#g.≈♣ ≈..#
###'##..≈♣ ...+
#..).g.≈♣


You could see a gnoll sergeant (swift) and a gnoll bouda.

Vanquished Creatures
  Pikel (D:8)
  A troll (D:8)
  A wyvern (D:7)
  3 yaks (D:9)
  A steam dragon (D:8)
  3 water moccasins
  3 orc warriors
  2 ice beasts (D:7)
  4 sky beasts (D:7)
  A black bear (D:5)
  5 wolves
  2 centaurs
  2 kobold brigands
  4 bullfrogs
  5 scorpions
  2 gnoll sergeants (Bailey)
  10 wights
  4 killer bees (D:7)
  5 electric eels (D:8)
  3 howler monkeys (D:7)
  10 hounds
  A jelly (D:5)
  2 orc priests
  4 gnoll boudas
  An iguana (D:7)
  3 orc wizards (D:8)
  2 mummies
  9 gnolls
  5 adders
  2 shadow imps
  2 white imps (D:6)
  2 ufetubi
  2 worms
  A dart slug (D:2)
  18 orcs
  A ball python (D:1)
  8 bats
  8 endoplasms
  5 giant cockroaches
  9 goblins
  3 hobgoblins
  3 jackals
  10 kobolds
  4 quokkas
  5 frilled lizards
  A hobgoblin zombie (D:6)
  3 kobold zombies (D:6)
  A rat (D:1)
187 creatures vanquished.

Vanquished Creatures (collateral kills)
  4 gnolls
4 creatures vanquished.

Vanquished Creatures (others)
  A gnoll bouda (D:5)
  A gnoll (D:8)
  2 kobolds (D:8)
4 creatures vanquished.

Grand Total: 195 creatures vanquished

Notes
Turn   | Place    | Note
-------+----------+-------------------------------------------
     0 | D:1      | Adrian566 the Demonspawn Fighter began the quest for the
                  | Orb.
     0 | D:1      | Reached XP level 1. HP: 18/18 MP: 1/1
   174 | D:1      | Found Tilesify's General Store.
   228 | D:1      | Gained mutation: You have a pair of small horns on your
                  | head. [demonic ancestry]
   228 | D:1      | Reached XP level 2. HP: 24/24 MP: 2/2
   759 | D:2      | Gained mutation: You are surrounded by a mild repulsion
                  | field. (EV +2) [demonic ancestry]
   759 | D:2      | Reached XP level 3. HP: 27/29 MP: 3/3
   829 | D:2      | Found Yteriefu's Antique Armour Boutique.
  1814 | D:3      | Found a snail-covered altar of Cheibriados.
  1821 | D:3      | Gained mutation: You sometimes gain a little power by
                  | taking damage. [demonic ancestry]
  1821 | D:3      | Reached XP level 4. HP: 21/35 MP: 4/4
  2156 | D:3      | Identified a scroll of acquirement
  2156 | D:3      | Acquired 680 gold pieces
  2169 | D:4      | Found a burning altar of Makhleb.
  2187 | D:4      | Found Daurr's Antique Weapon Boutique.
  2455 | D:4      | Noticed a scorpion
  2467 | D:4      | Killed a scorpion
  2468 | D:4      | Reached XP level 5. HP: 32/42 MP: 5/5
  2664 | D:4      | Found Rihadghus's Weapon Shoppe.
  2666 | D:4      | Identified the +3 chain mail of Wopp {rN+ Dex+3}
  2677 | D:4      | Reached skill level 1 in Dodging
  2901 | D:4      | Reached XP level 6. HP: 37/48 MP: 6/6
  3230 | D:5      | Entered Level 5 of the Dungeon
  3383 | D:5      | Noticed a water moccasin
  3395 | D:5      | Killed a water moccasin
  3467 | D:5      | Found a broken altar of Ashenzari.
  3509 | D:5      | Reached XP level 7. HP: 17/55 MP: 7/7
  3672 | D:5      | Found a shimmering blue altar of Sif Muna.
  3673 | D:5      | Found a hazy altar of Hepliaklqana.
  3746 | D:5      | Identified the +0 chain mail "Luol" {MP+9}
  3775 | D:5      | Reached skill level 5 in Fighting
  4556 | D:6      | Found a bloodstained altar of Trog.
  4702 | D:6      | Found a sacrificial altar of Ru.
  4805 | D:6      | Reached skill level 5 in Long Blades
  4824 | D:6      | Found a staircase to the Ecumenical Temple.
  5160 | D:6      | Gained mutation: You have a pair of horns on your head.
                  | [demonic ancestry]
  5160 | D:6      | Reached XP level 8. HP: 40/64 MP: 8/8
  5172 | D:6      | Reached skill level 5 in Armour
  6243 | D:7      | Identified the +6 scale mail of Mezcal {Rampage Will+}
  6249 | D:7      | Gained mutation: You have a pair of large horns on your
                  | head. [demonic ancestry]
  6249 | D:7      | Reached XP level 9. HP: 64/66 MP: 9/9
  6373 | D:7      | Found a stormy altar of Qazlal.
  7062 | D:8      | Found a staircase to the Lair.
  7076 | D:8      | HP: 1/72 [electric eel/bolt of electricity (11)]
  7298 | D:8      | HP: 1/72 [electric eel/bolt of electricity (4)]
  7342 | D:8      | Noticed a troll
  7345 | D:8      | Gained mutation: You have hidden genetic defects. [potion
                  | of mutation]
  7345 | D:8      | Gained mutation: You are strong-willed. (Will+) [potion of
                  | mutation]
  7347 | D:8      | HP: 1/72 [troll (3)]
  7370 | D:8      | Killed a troll
  7706 | D:8      | Lost mutation: You have hidden genetic defects. [potion of
                  | mutation]
  7706 | D:8      | Lost mutation: You are strong-willed. (Will+) [potion of
                  | mutation]
  7706 | D:8      | Gained mutation: You occasionally lose the ability to read
                  | scrolls when taking damage. [potion of mutation]
  7707 | D:8      | Lost mutation: You occasionally lose the ability to read
                  | scrolls when taking damage. [potion of mutation]
  7707 | D:8      | Gained mutation: You are clumsy. (Dex -2) [potion of
                  | mutation]
  7917 | D:8      | Identified the +2 leather armour of the Ant {rPois rF++
                  | rN++}
  8250 | D:8      | Reached skill level 1 in Evocations
  8307 | D:8      | Reached skill level 5 in Shields
  8307 | D:8      | Reached XP level 10. HP: 74/80 MP: 8/10
  8331 | D:8      | Found an iron altar of Okawaru.
  8336 | D:8      | Found an ancient bone altar of Kikubaaqudgha.
  8539 | D:8      | Found a shimmering altar of Xom.
  8539 | D:8      | Found a basalt altar of Yredelemnul.
  8640 | D:8      | Noticed Pikel
  8651 | D:8      | Killed Pikel
  8968 | D:9      | Found a flagged portal.
  9021 | Bailey   | Entered a bailey
  9815 | Bailey   | Slain by a gnoll sergeant

Illustrated notes

Levels and vault maps discovered:
D:1:      dpeg_arrival_rooms_with_view, layout_loops_cross, serial_shops, shop,
          minmay_pentomino_t2
D:2:      layout_loops_ring, serial_shops, nicolae_square_shop
D:3:      layout_loops_ring, slow_altar_2, minmay_quantized
D:4:      layout_basic, bloody_makhleb, elyvilon_altar_4, serial_shops,
          nicolae_shop_trees, shop, minivault_25, lemuel_flame_loot_1
D:5:      layout_loops_ring, lemuel_round_altar,
          chequers_temple_overflow_statue_of_worship, serial_bayou_pond_b,
          eino_tiny_chamber
D:6:      layout_rooms, mainiacjoe_overflow_catwalk,
          nicolae_ru_sacrificial_ziggurat, minmay_temple_entry_stoned_glass,
          kennysheep_big_empty_room, minmay_mini_ossuary
D:7:      layout_gridville, kennysheep_mini, st_stairs_13
D:8:      layout_basic, mainiacjoe_overflow_divided_tiny,
          gammafunk_temple_overflow_wave, erik_lair_island,
          corexii_corridor_pit, nicolae_figureground_sparkle, uniq_pikel
D:9:      layout_loops_corners, enter_bailey_7, chequers_serial_rivers_micro_e,
          uniq_erolcha
Bailey:   bailey_polearm_gnolls_kennysheep, bailey

Skill      XL: |  1  2  3  4  5  6  7  8  9 10 |
---------------+-------------------------------+-----
Armour         | 3 4 5 7 |  7.8
Shields        | 3 4 5 |  5.6
Long Blades    | 2 3 4 5 6 7 8 |  8.5
Fighting       | 4 5 6 7 8 |  8.6
Dodging        | 1 2 |  2.7
Evocations     | 1 2 |  2.1

Action                     |  1- 3 |  4- 6 |  7- 9 | 10-12 || total
---------------------------+-------+-------+-------+-------++-------
  Melee: Long sword        |   144 |    83 |   382 |   118 ||   727
         Headbutt          |    17 |    12 |    73 |    29 ||   131
  Evoke: Wand              |       |       |    19 |    41 ||    60
    Use: Scroll            |       |     9 |     9 |     1 ||    19
         Potion            |       |       |    20 |     1 ||    21
 Armour: Scale mail        |    68 |    19 |       |       ||    87
         Plate armour      |       |    12 |   272 |   104 ||   388
         Skin              |       |       |    33 |       ||    33
  Dodge: Dodged            |    97 |    53 |   157 |    80 ||   387
  Block: Buckler           |    43 |    18 |   145 |    78 ||   284

Table legend: (Time is in decaauts)
 A = Elapsed time spent in this place.
 B = Non-inter-level travel time spent in this place.
 C = Inter-level travel time spent in this place.
 D = Time resting spent in this place.
 E = Time spent auto-exploring this place.
 F = Levels seen in this place.
 G = Mean time per level.
                   A        B        C        D        E       F      G
               +--------+--------+--------+--------+--------+-----+--------+
         Total |   9922 |   9682 |    240 |   1224 |   6641 |  10 |  992.2 |
       Dungeon |   9128 |   8888 |    240 |    848 |   6380 |   9 | 1014.2 |
        Bailey |    793 |    793 |      0 |    376 |    261 |   1 |  793.0 |
               +--------+--------+--------+--------+--------+-----+--------+

Top non-repeatable levels by time:
     D:8: 1842 daAuts
     D:7: 1326 daAuts
     D:5: 1313 daAuts
     D:4: 1073 daAuts
     D:6: 1058 daAuts
  Bailey: 793 daAuts
     D:2: 782 daAuts
     D:3: 719 daAuts
     D:1: 716 daAuts
     D:9: 294 daAuts
